 Dungeon Sprint DCSS version 0.28.0-43-g3370ac3207 (webtiles) character file.

Game seed: 5190000835932470704

24194 boopmooplesden the Executioner (level 12, -10/134 HPs)
             Began as a Minotaur Berserker on Mar 4, 2022.
             Was the Champion of Trog.
             Shot with an arrow by a deep elf master archer (35 damage)
             ... in the Dungeon (Sprint II: "The Violet Keep of Menkaure").
             The game lasted 00:10:41 (3671 turns).

boopmooplesden the Executioner (Minotaur Berserker) Turns: 3671, Time: 00:10:41

Health: -10/134    AC: 23    Str: 31    XL:     12   Next: 78%
Magic:  11/11      EV: 17    Int:  4    God:    Trog [******]
Gold:   2287       SH:  0    Dex: 12    Spells: 11/11 levels left

rFire   + . .      SeeInvis .   l - +8 executioner's axe (vorpal)
rCold   . . .      Faith    .   (shield currently unavailable)
rNeg    + . .      Spirit   .   i - +1 ring mail of Dim Light {rPois rN+ Slay+3}
rPois   +          Reflect  .   w - +2 hat {Stlth+}
rElec   .          Harm     .   k - +0 cloak {rPois}
rCorr   .          Rampage  .   p - +2 pair of gloves {hurl}
Will    .....      NoTele   +   r - +2 pair of boots {Stlth+}
Stlth   +++.......              (no amulet)
HPRegen 0.32/turn               u - ring "Cayffipu" {rF+ Str+6 Stlth-}
MPRegen 0.12/turn               q - +4 ring of protection

@: flying
A: horns 2, retaliatory headbutt
a: Renounce Religion, Berserk, Trog's Hand, Brothers in Arms


You were in the Dungeon.
You worshipped Trog.
Trog was exalted by your worship.
You visited 1 branch You collected 3614 gold pieces.
You spent 1327 gold pieces at shops.

Inventory:

Hand Weapons
 a - a +0 hand axe
 j - the +8 mace of Defilement {vorpal, *Slow rN+ Int+3 SInv}
   (You bought it in a shop in the Dungeon)

   It inflicts extra damage upon your enemies.
   Int:       It affects your intelligence (+3).
   rN:        It protects you from negative energy.
   SInv:      It lets you see invisible.
   *Slow:     It may slow you when you take damage.
 l - a +8 vorpal executioner's axe (weapon)
Armour
 b - a +0 animal skin
 c - a +1 kite shield of cold resistance
 i - the +1 ring mail of Dim Light (worn) {rPois rN+ Slay+3}
   (You bought it in a shop in the Dungeon)

   Slay:      It affects your accuracy & damage with ranged weapons and melee
   (+3).
   rPois:     It protects you from poison.
   rN:        It protects you from negative energy.
 k - a +0 cloak of poison resistance (worn)
 p - a +2 pair of gloves of hurling (worn)
 r - a +2 pair of boots of stealth (worn)
 w - a +2 hat of stealth (worn)
 y - a +3 scale mail of poison resistance
Jewellery
 q - a +4 ring of protection (right hand)
 u - the ring "Cayffipu" (left hand) {rF+ Str+6 Stlth-}
   (You found it in the Dungeon)

   [ring of protection from fire]

   Str:       It affects your strength (+6).
   rF:        It protects you from fire.
   Stlth:     It makes you less stealthy.
 x - a +6 ring of dexterity
 A - a ring of positive energy
 B - an amulet of regeneration
 G - a ring of positive energy
Scrolls
 h - a scroll of blinking
 n - 4 scrolls of identify
 z - a scroll of acquirement {unknown}
 F - a scroll of immolation {unknown}
Potions
 d - 2 potions of curing
 e - a potion of haste
 f - 15 potions of magic
 g - 2 potions of berserk rage
 o - a potion of resistance
 s - 6 potions of flight
 t - a potion of ambrosia
 v - a potion of attraction
 C - a potion of experience {unknown}
 E - 3 potions of brilliance {unknown}
Miscellaneous
 D - a condenser vane


   Skills:
 + Level 20.4 Fighting
 + Level 25.5(26.0) Axes
 + Level 9.5(19.1) Maces & Flails
 + Level 11.8 Armour
 + Level 14.3 Dodging
 + Level 5.5 Stealth
 + Level 5.2 Shields
 + Level 0.3 Evocations


You had 11 spell levels left.
You didn't know any spells.
Your spell library was empty.

Dungeon Overview and Level Annotations

Branches:
Dungeon (1/1)

Altars:
Cheibriados
Dithmenos
Elyvilon
Fedhas
Gozag
Hepliaklqana
Kikubaaqudgha
Makhleb
Nemelex Xobeh
Okawaru
Qazlal
Ru
Sif Muna
Trog
Uskayaw
Vehumet
Wu Jian
Xom
Yredelemnul
Zin
The Shining One
Beogh
Jiyva
Lugonu

Shops:
D [=:=[[([:(*!==*!!=[(:!?[=:[?:

Annotations:
D exclusion: oklob plant, Roxanne


Innate Abilities, Weirdness & Mutations

You have a pair of horns on your head.
You reflexively headbutt those who attack you in melee.


Message History

You kill the large slime creature!
Trog accepts your kill.
You now have 2287 gold pieces (gained 81).
There is an open door here.
A deep elf master archer comes into view.
There is an open door here.
There is an open door here.
You feel very buoyant.
You fly up into the air.
The deep elf master archer shouts!
The deep elf master archer wields a +3 longbow.
The deep elf master archer shoots an arrow.
The arrow hits you.
The deep elf master archer shoots an arrow.
The arrow hits you!!
The deep elf master archer shoots an arrow.
The arrow hits you!!
The deep elf master archer shoots an arrow.
The arrow completely misses you.
The deep elf master archer shoots an arrow.
The arrow completely misses you.
The deep elf master archer shoots an arrow.
The arrow hits you!
The deep elf master archer shoots an arrow.
The arrow hits you.
The deep elf master archer shoots an arrow.
The arrow hits you!!
The deep elf master archer shoots an arrow.
The arrow hits you!
* * * LOW HITPOINT WARNING * * *
You slice the deep elf master archer like a ripe choko!!!
The deep elf master archer is heavily wounded.
The deep elf master archer shoots an arrow.
The arrow hits you!
* * * LOW HITPOINT WARNING * * *
You hit the deep elf master archer.
The deep elf master archer is severely wounded.
The deep elf master archer shoots an arrow.
The arrow hits you!!
You die...

### ).# †.#### '##..####+#### ▓▓▓
÷.÷.##≈§§≈§≈≈## ..▓
..###≈§§§§≈§≈≈## ▓▓+▓▓▓▓.▓
#..'§§§§§8§≈§§≈##++## +...▓0..▓
.####≈≈≈≈≈§≈≈≈##≈...### #..○▓▓▓▓▓
...≈## ≈≈≈≈§ #e@.....###...▓§≈≈≈
###≈≈#+++#+++#####....#°##["▓▓▓▓▓
##≈≈≈....)....# +^...#°.#°:▓..(.
∩#≈≈≈≈.##)##..# ####.#°÷#)|▓[§§§
.#≈≈≈≈##...##.####..'.##÷#[}▓....
.#)≈≈≈#..#..# ...#..#..)####▓)|..
.#)≈####.).####..#####..##.#▓)(.(
.#≈##.###'###.##..#†.'.^#.)#▓.:[.
.#)##..##.##.###..#.†#..#..#▓...(


You could see a deep elf master archer.

Vanquished Creatures
  A hellephant (D)
  A deep elf blademaster (D)
  A kraken (D)
  Gastronok (D)
  Kirke (D)
  A draconian shifter (D)
  A dire elephant (D)
  A crystal guardian (D)
  A yaktaur captain (D)
  A centaur warrior (D)
  Sonja (D)
  A skeletal warrior (D)
  3 sixfirhies (D)
  2 death drakes (D)
  2 deep trolls (D)
  A glowing orange brain (D)
  An obsidian statue (D)
  A harpy (D)
  3 orc sorcerers (D)
  An elephant (D)
  A merfolk siren (D)
  An eye of devastation (D)
  2 unseen horrors (D)
  2 cane toads (D)
  A kobold demonologist (D)
  A yaktaur (D)
  3 polar bears (D)
  A hornet (D)
  2 slime creatures (D)
  8 flying skulls (D)
  3 wyverns (D)
  3 yaks (D)
  2 redbacks (D)
  A vampire mosquito (D)
  Menkaure (D)
  5 water moccasins (D)
  2 swamp drakes (D)
  A necrophage (D)
  4 scorpions (D)
  4 lava snakes (D)
  An iron imp (D)
  A jelly (D)
  3 worms (D)
  A spectral bat (D)
  A spectral quokka (D)
  4 tentacles (D)
85 creatures vanquished.

Vanquished Creatures (others)
  2 boulder beetles (D)
  7 tentacles (D)
9 creatures vanquished.

Grand Total: 94 creatures vanquished

Notes
Turn   | Place    | Note
-------+----------+-------------------------------------------
     0 | D        | boopmooplesden the Minotaur Berserker began the quest for
                  | the Orb.
     0 | D        | Reached XP level 1. HP: 19/19 MP: 0/0
    10 | D        | Reached skill level 4 in Axes
    15 | D        | Reached ** piety under Trog
    16 | D        | Reached XP level 2. HP: 28/28 MP: 1/1
    55 | D        | Noticed a scorpion
    55 | D        | Noticed a scorpion
    55 | D        | Noticed a scorpion
    55 | D        | Noticed a scorpion
    58 | D        | Killed a scorpion
    59 | D        | Reached skill level 7 in Axes
    59 | D        | Reached XP level 3. HP: 38/38 MP: 2/2
    59 | D        | Reached XP level 4. HP: 45/45 MP: 3/3
    60 | D        | Killed a scorpion
    61 | D        | Reached skill level 8 in Axes
    64 | D        | Killed a scorpion
    65 | D        | Reached skill level 9 in Axes
    65 | D        | Reached XP level 5. HP: 49/57 MP: 4/4
    66 | D        | Reached *** piety under Trog
    67 | D        | Reached skill level 10 in Axes
    67 | D        | Reached skill level 5 in Armour
   113 | D        | Noticed a boulder beetle
   113 | D        | Noticed a boulder beetle
   117 | D        | Noticed a merfolk siren
   123 | D        | Killed a merfolk siren
   124 | D        | Reached skill level 12 in Axes
   124 | D        | Reached skill level 5 in Dodging
   124 | D        | Reached XP level 6. HP: 25/69 MP: 5/5
   124 | D        | Reached XP level 7. HP: 27/75 MP: 6/6
   128 | D        | Noticed an orange crystal statue
   272 | D        | Noticed Menkaure
   273 | D        | Found Wisatt's Book Emporium.
   273 | D        | Found Ydufas's Antique Weapon Shoppe.
   273 | D        | Found Heraed's Antique Armour Emporium.
   273 | D        | Found Juevid's Jewellery Shoppe.
   273 | D        | Found Ihidutt's Antique Armour Shoppe.
   273 | D        | Found Bucyn's Distillery.
   276 | D        | Killed Menkaure
   276 | D        | Reached **** piety under Trog
   277 | D        | Reached skill level 13 in Axes
   277 | D        | Found Luagesk's Jewellery Shoppe.
   277 | D        | Found Bytzur's Distillery.
   277 | D        | Found Reco's Armour Shoppe.
   277 | D        | Found Naelusit's Magic Scroll Emporium.
   278 | D        | Found Maiwur's Book Shoppe.
   278 | D        | Found Nitholil's Jewellery Shoppe.
   278 | D        | Found Goiclix's Jewellery Emporium.
   278 | D        | Found Taiq's Antique Armour Emporium.
   278 | D        | Noticed a wyvern
   345 | D        | Killed a boulder beetle
   578 | D        | Noticed a vampire mosquito
   591 | D        | Killed a vampire mosquito
   592 | D        | Reached skill level 14 in Axes
   592 | D        | Reached XP level 8. HP: 50/86 MP: 7/7
   601 | D        | Noticed an oklob plant
   602 | D        | Found Tuk Jesm's Book Shoppe.
   604 | D        | Noticed a fire dragon
   607 | D        | Noticed a shining eye
   607 | D        | Noticed a shining eye
   609 | D        | Bought a shiny kite shield for 157 gold pieces
   609 | D        | Bought an ichor-stained ring mail for 189 gold pieces
   609 | D        | Identified the +1 ring mail of Dim Light {rPois rN+ Slay+3}
                  | (You bought it in a shop in the Dungeon)
   629 | D        | Bought an ancient mace for 192 gold pieces
   629 | D        | Identified the +8 mace of Defilement {vorpal, *Slow rN+
                  | Int+3 SInv} (You bought it in a shop in the Dungeon)
   636 | D        | Bought a glowing cloak for 187 gold pieces
   756 | D        | Noticed Roxanne
   756 | D        | Killed a boulder beetle
   768 | D        | Found a hazy altar of Hepliaklqana.
   768 | D        | Found a snail-covered altar of Cheibriados.
   769 | D        | Found a viscous altar of Jiyva.
   769 | D        | Found a stormy altar of Qazlal.
   769 | D        | Found a shadowy altar of Dithmenos.
   770 | D        | Found a sacrificial altar of Ru.
   770 | D        | Found an ancient bone altar of Kikubaaqudgha.
   770 | D        | Found a white marble altar of Elyvilon.
   771 | D        | Found an ornate altar of the Wu Jian Council.
   771 | D        | Found a shimmering blue altar of Sif Muna.
   771 | D        | Found a corrupted altar of Lugonu.
   771 | D        | Found a blossoming altar of Fedhas.
   774 | D        | Found a shimmering altar of Xom.
   774 | D        | Found a bloodstained altar of Trog.
   774 | D        | Found a burning altar of Makhleb.
   775 | D        | Found a glowing golden altar of the Shining One.
   775 | D        | Found a basalt altar of Yredelemnul.
   775 | D        | Found a hide-covered altar of Uskayaw.
   776 | D        | Found a glowing silver altar of Zin.
   777 | D        | Noticed a yaktaur
   777 | D        | Noticed a hornet
   777 | D        | Noticed a polar bear
   777 | D        | Noticed a polar bear
   777 | D        | Noticed a polar bear
   782 | D        | Killed a polar bear
   787 | D        | Killed a polar bear
   787 | D        | Reached ***** piety under Trog
   788 | D        | Reached skill level 1 in Maces & Flails
   793 | D        | Killed a polar bear
   794 | D        | Reached skill level 15 in Axes
   794 | D        | Killed a hornet
   798 | D        | Killed a yaktaur
   799 | D        | Reached XP level 9. HP: 83/96 MP: 8/8
   806 | D        | Found a radiant altar of Vehumet.
   813 | D        | Noticed a kraken
   826 | D        | Reached skill level 1 in Shields
   829 | D        | Reached skill level 16 in Axes
   831 | D        | Received a gift from Trog
  1090 | D        | Killed a kraken
  1091 | D        | Reached skill level 15 in Fighting
  1091 | D        | Reached skill level 10 in Dodging
  1222 | D        | Found a sparkling altar of Nemelex Xobeh.
  1223 | D        | Found an iron altar of Okawaru.
  1223 | D        | Found an opulent altar of Gozag.
  1240 | D        | Noticed an obsidian statue
  1260 | D        | Noticed a deep troll
  1260 | D        | Noticed a deep troll
  1264 | D        | Killed a deep troll
  1265 | D        | Reached skill level 17 in Axes
  1265 | D        | Reached skill level 1 in Stealth
  1265 | D        | Reached XP level 10. HP: 106/106 MP: 9/9
  1272 | D        | Killed a deep troll
  1467 | D        | HP: 3/107 [flying skull (7)]
  1751 | D        | Noticed Kirke
  1751 | D        | Noticed a yaktaur captain
  1767 | D        | Killed Kirke
  1768 | D        | Reached skill level 18 in Axes
  1768 | D        | Noticed an elephant
  1769 | D        | Noticed a skeletal warrior
  1770 | D        | Killed a yaktaur captain
  1770 | D        | Received a gift from Trog
  1774 | D        | Killed an elephant
  1775 | D        | Reached skill level 5 in Shields
  1784 | D        | Killed a skeletal warrior
  1785 | D        | Reached skill level 10 in Armour
  1825 | D        | Reached skill level 19 in Axes
  1830 | D        | Noticed a centaur warrior
  1840 | D        | Killed a centaur warrior
  1841 | D        | Reached XP level 11. HP: 53/116 MP: 10/10
  1879 | D        | Received a gift from Trog
  1898 | D        | Reached ****** piety under Trog
  2078 | D        | Reached skill level 20 in Axes
  2081 | D        | Received a gift from Trog
  2112 | D        | Found Pishruwi's Armour Emporium.
  2112 | D        | Found Daeriack's Jewellery Shop.
  2113 | D        | Found Yczid's Jewellery Shop.
  2113 | D        | Found Cinlen's Antique Armour Shoppe.
  2113 | D        | Found Kurr's Weapon Boutique.
  2113 | D        | Found Feostueh's General Store.
  2113 | D        | Found Soittaow's Book Shop.
  2113 | D        | Found Lonom's Armour Shoppe.
  2113 | D        | Found Cusse's Antique Weapon Boutique.
  2113 | D        | Found Miyp's General Store.
  2113 | D        | Found Siasaluf's Distillery.
  2113 | D        | Found Yhorrin's Distillery.
  2115 | D        | Bought a +2 pair of gloves of hurling for 301 gold pieces
  2135 | D        | Bought a +2 pair of boots of stealth for 301 gold pieces
  2205 | D        | Identified the ring "Cayffipu" {rF+ Str+6 Stlth-}
  2255 | D        | Noticed a sixfirhy
  2260 | D        | Noticed a sixfirhy
  2266 | D        | Killed an obsidian statue
  2267 | D        | Noticed a sixfirhy
  2274 | D        | Found Ymmumued's Book Shoppe.
  2275 | D        | Found Qabij's Magic Scroll Boutique.
  2281 | D        | Identified the +12 great sword of Internal Strife {flame,
                  | rElec rN+}
  2292 | D        | Killed a sixfirhy
  2293 | D        | Killed a sixfirhy
  2294 | D        | Reached skill level 21 in Axes
  2295 | D        | Killed a sixfirhy
  2422 | D        | Noticed Gastronok
  2426 | D        | Killed Gastronok
  2536 | D        | Noticed a dire elephant
  2536 | D        | Noticed an orc sorcerer
  2536 | D        | Noticed an orc sorcerer
  2536 | D        | Noticed an orc sorcerer
  2540 | D        | Killed a dire elephant
  2541 | D        | Reached skill level 22 in Axes
  2542 | D        | Noticed a sixfirhy
  2542 | D        | Killed an orc sorcerer
  2542 | D        | Killed an orc sorcerer
  2542 | D        | Received a gift from Trog
  2546 | D        | Killed an orc sorcerer
  2563 | D        | Identified the +1 morningstar "Caefro" {speed, Str+4 Dex+3}
  2639 | D        | Reached XP level 12. HP: 82/128 MP: 11/11
  2648 | D        | Noticed a deep elf blademaster
  2650 | D        | Reached skill level 23 in Axes
  2651 | D        | Received a gift from Trog
  2659 | D        | Killed a deep elf blademaster
  2873 | D        | Noticed a hellephant
  2873 | D        | Noticed a purple draconian shifter
  2881 | D        | Killed a hellephant
  2881 | D        | Received a gift from Trog
  2882 | D        | Reached skill level 24 in Axes
  2882 | D        | Reached skill level 5 in Stealth
  2883 | D        | Noticed Sonja
  2893 | D        | Killed Sonja
  2898 | D        | Killed a purple draconian shifter
  3434 | D        | Noticed a crystal guardian
  3440 | D        | Killed a crystal guardian
  3440 | D        | Received a gift from Trog
  3441 | D        | Reached skill level 25 in Axes
  3657 | D        | Noticed a deep elf master archer
  3671 | D        | Shot with an arrow by a deep elf master archer

Illustrated notes

Levels and vault maps discovered:
D:        the_violet_keep_of_menkaure [sprint2_stairs_cluster_1,
          sprint2_shoproom, sprint2_temple, sprint2_basic_supplies,
          sprint2_obstacle_6, sprint2_obstacle_3, sprint2_obstacle_4,
          sprint2_obstacle_1, sprint2_obstacle_5, sprint2_timed_cluster_1,
          sprint2_smallroom_cluster_1, sprint2_smallroom_final_cluster_1,
          sprint2_transparent_cluster_1, sprint2_second_timed_cluster_1,
          sprint2_sniper_area_1, sprint2_heavy_combat_area_1,
          sprint2_mutation_trap_area_1, sprint2_forest_area_1,
          sprint2_light_combat_area_1, sprint2_behind_water_1,
          sprint2_near_end_vault_1]

Skill      XL: |  1  2  3  4  5  6  7  8  9 10 11 12 |
---------------+-------------------------------------+-----
Fighting       | 4 6 9 11 13 14 15 16 18 20 | 20.4
Axes           | 4 7 9 12 14 15 17 19 22 25 | 25.5
Armour         | 3 4 6 7 8 10 11 | 11.8
Dodging        | 3 4 5 6 8 10 12 13 14 | 14.3
Maces & Flails | 3 7 9 |  9.5
Shields        | 3 5 |  5.2
Stealth        | 1 2 4 5 |  5.5
Evocations     | |  0.3

Action                   |  1- 3 |  4- 6 |  7- 9 | 10-12 || total
-------------------------+-------+-------+-------+-------++-------
Melee: Hand axe          |     8 |    13 |    32 |       ||    53
       Headbutt          |     1 |     5 |     8 |    31 ||    45
       Punch             |       |       |     1 |       ||     1
       Mace              |       |       |    31 |       ||    31
       Executioner's axe |       |       |    15 |   133 ||   148
Invok: Berserk           |     2 |       |     3 |     7 ||    12
Evoke: Condenser vane    |       |       |       |     1 ||     1
  Use: Potion            |       |       |     1 |    10 ||    11
       Scroll            |       |       |     6 |       ||     6
 Stab: Sleeping          |       |       |       |     2 ||     2
Armor: Animal skin       |     2 |       |     3 |       ||     5
       Ring mail         |       |       |     9 |    65 ||    74
Dodge: Dodged            |     1 |     2 |    40 |    95 ||   138
Block: Kite shield       |       |       |    14 |       ||    14
